 Dungeon Crawl Stone Soup version 0.26.0-18-gc5c842f807 (webtiles) character file.

Game seed: 5658088503713801572

1272 thiole the Sneak (level 8, -2/46 HPs)
             Began as an Octopode Hedge Wizard on Jan 23, 2021.
             Was an Initiate of Gozag.
             Slain by an ice beast (13 damage)
             ... on level 6 of the Dungeon.
             The game lasted 00:16:25 (7047 turns).

thiole the Sneak (Octopode Hedge Wizard)            Turns: 7047, Time: 00:16:26

Health: -2/46      AC:  3    Str: 10    XL:     8   Next: 53%
Magic:  13/16      EV: 17    Int: 24    God:    Gozag
Gold:   450        SH:  0    Dex: 11    Spells: 10/18 levels left

rFire    . . .     SeeInvis .   j - +2 short sword (venom)
rCold    . . .     Faith    .   (no shield)
rNeg     . . .     Spirit   .   b - +2 hat
rPois    +         Reflect  .   (no amulet)
rElec    .         Harm     .   i - +4 ring of evasion
rCorr    .         Rampage  .   n - ring of wizardry
Will     .....     Rnd*Rage +   p - +6 ring of intelligence
Stlth    +++++.....             s - ring of stealth
HPRegen  0.15/turn              (no ring)
MPRegen  0.15/turn              (no ring)
                                (no ring)
                                (no ring)

@: gold aura
A: almost no armour, stealthy swim, amphibious, 8 rings, constrict 8, camouflage
1, berserk 1, poison resistance, gelatinous body 1
a: Renounce Religion, Potion Petition, Call Merchant, Bribe Branch


You were on level 6 of the Dungeon.
You worshipped Gozag.
Gozag was aware of your devotion.
You visited 2 branches of the dungeon, and saw 7 of its levels.

You collected 538 gold pieces.
You paid 88 gold pieces to Gozag.

Inventory:

Hand Weapons
 a - a +0 dagger
 j - a +2 short sword of venom (weapon)
Armour
 b - a +2 hat (worn)
Jewellery
 i - a +4 ring of evasion (left tentacle)
 n - a ring of wizardry (right tentacle)
 p - a +6 ring of intelligence (on tentacle)
 s - a ring of stealth (on tentacle)
Wands
 y - a wand of polymorph (6)
Scrolls
 c - a scroll of fog {unknown}
 d - 2 scrolls of teleportation
 e - a scroll of blinking {unknown}
 g - 4 scrolls of remove curse
 l - a scroll of noise
 r - a scroll of enchant armour
 t - a scroll of enchant weapon
 u - a scroll of identify
 v - a scroll of random uselessness
 x - a scroll of magic mapping {unknown}
Potions
 f - 2 potions of heal wounds
 h - a potion of ambrosia {unknown}
 k - 2 potions of curing {unknown}
 m - a potion of cancellation {unknown}
 o - 2 potions of flight
 q - 3 potions of lignification
 w - a potion of haste {unknown}


   Skills:
 - Level 2.0 Dodging
 + Level 7.8 Stealth
 + Level 5.6 Spellcasting
 - Level 4.0 Conjurations
 - Level 2.0 Summonings
 - Level 1.0 Translocations
 - Level 5.0 Air Magic


You had 10 spell levels left.
You knew the following spells:

 Your Spells              Type           Power        Failure   Level
a - Magic Dart            Conj           100%         1%          1
b - Call Imp              Summ           16%          2%          2
c - Slow                  Hex            6%           5%          2
d - Mephitic Cloud        Conj/Pois/Air  21%          3%          3

Your spell library contained the following spells:

 Spells                   Type           Power        Failure   Level
 Corona                   Hex            6%           3%          1
 Blink                    Tloc           N/A          3%          2
 Conjure Flame            Conj/Fire      16%          4%          3
 Dazzling Flash           Conj/Hex       32%          4%          3
 Ensorcelled Hibernation  Hex/Ice        12%          5%          2
 Confusing Touch          Hex            6%           11%         3
 Tukima's Dance           Hex            6%           11%         3


Dungeon Overview and Level Annotations

Branches:
Dungeon (6/15)             Temple (1/1) D:4

Altars:
Ashenzari
Cheibriados
Dithmenos
Elyvilon
Fedhas
Gozag
Hepliaklqana
Kikubaaqudgha
Makhleb
Okawaru
Qazlal
Ru
Sif Muna
Trog
Uskayaw
Vehumet
Wu Jian
Xom
Yredelemnul
Zin
The Shining One


Innate Abilities, Weirdness & Mutations

You cannot wear most types of armour.
You are very stealthy in the water. (Stealth+)
You are amphibious.
You can wear up to eight rings at the same time.
You can use your tentacles to constrict eight enemies at once.
Your skin changes colour to match your surroundings (Stealth+).
Your rubbery body absorbs attacks. (AC +1, EV +1)
You tend to lose your temper in combat.
Your system is resistant to poisons. (rPois)


Message History

The ice beast is moderately wounded.
Your white imp hits the ice beast but does no damage.
The ice beast completely misses you.
You hit the ice beast but do no damage. You squeeze the ice beast.
The ice beast is severely wounded.
Your white imp hits the ice beast but does no damage.
The ice beast misses your white imp.
You hit the ice beast but do no damage.
The ice beast looks even sicker.
The ice beast is severely wounded.
Your white imp hits the ice beast.
Your white imp freezes the ice beast.
The ice beast completely resists.
The ice beast hits you. The ice beast freezes you!
You hit the ice beast. You squeeze the ice beast.
The ice beast is almost dead.
Your white imp hits the ice beast.
Your white imp freezes the ice beast.
The ice beast completely resists.
The ice beast hits you.
* * * LOW HITPOINT WARNING * * *
The ice beast freezes you!
You die...
Your body crumbles into a pile of gold.

##. #.#
.>.##.###
#.....##
#.#....##
#.#.....####
#.<..........
#.$......>.##
#..5...###.#
#.#@#.## #
##..Y5.#
#......#
#.....##
#..#.##
#..#.# #..#(#
#
#..#.###.##.#
#......$....#


You could see an ice beast (very poisoned) and 2 friendly white imps.

Vanquished Creatures
  Eustachio (D:5)
  An eye of draining (D:6)
  A phantom (D:5)
  A centaur zombie (D:5)
  A hound (D:4)
  2 orc priests
  Ijyb (D:5)
  Jessica (D:2)
  2 iguanas
  3 orc wizards
  3 worker ants
  A hound skeleton (D:5)
  Robin (D:3)
  7 adders
  A shadow imp (D:5)
  An ufetubus (D:5)
  An adder skeleton (D:4)
  4 worms
  3 dart slugs
  4 leopard geckos
  11 orcs
  4 giant cockroaches
  14 goblins
  8 hobgoblins
  17 jackals
  2 quokkas (D:2)
  A ball python (D:4)
  6 bats
  8 frilled lizards
  A giant cockroach zombie (D:6)
  8 kobolds
  2 leopard gecko zombies (D:5)
  7 rats
129 creatures vanquished.

Vanquished Creatures (collateral kills)
  4 ogres
  A big kobold (D:3)
  The ghost of Alvadar the Conjurer, a weakling DECj (D:3)
  A hound (D:3)
  Terence (D:3)
  An iguana (D:6)
  A worker ant (D:5)
  An adder (D:5)
  An ufetubus (D:5)
  An ooze (D:4)
  2 goblins (D:3)
  2 frilled lizards
  A rat (D:3)
18 creatures vanquished.

Vanquished Creatures (others)
  An orc priest (D:3)
  8 withered plants (D:3)
9 creatures vanquished.

Grand Total: 156 creatures vanquished

Notes
Turn   | Place    | Note
-------+----------+-------------------------------------------
     0 | D:1      | thiole the Octopode Hedge Wizard began the quest for the
                  | Orb.
     0 | D:1      | Reached XP level 1. HP: 11/11 MP: 4/4
   319 | D:1      | Reached XP level 2. HP: 17/17 MP: 0/6
   577 | D:1      | Reached skill level 3 in Stealth
   984 | D:1      | Reached XP level 3. HP: 13/21 MP: 4/7
  1693 | D:2      | Reached XP level 4. HP: 27/27 MP: 0/8
  1700 | D:2      | Learned a level 2 spell: Call Imp
  1703 | D:2      | Learned a level 2 spell: Slow
  1707 | D:2      | Learned a level 3 spell: Mephitic Cloud
  2088 | D:2      | Noticed Jessica
  2099 | D:2      | Killed Jessica
  2111 | D:2      | Gained mutation: You tend to lose your temper in combat.
                  | [potion of mutation]
  2111 | D:2      | Gained mutation: Your system is resistant to poisons.
                  | (rPois) [potion of mutation]
  2197 | D:2      | Reached skill level 1 in Air Magic
  2426 | D:2      | Found a basalt altar of Yredelemnul.
  2428 | D:2      | Found a shadowy altar of Dithmenos.
  2429 | D:2      | Found a glowing silver altar of Zin.
  2430 | D:2      | Found a glowing golden altar of the Shining One.
  2432 | D:2      | Found a stormy altar of Qazlal.
  2554 | D:3      | Found an ancient bone altar of Kikubaaqudgha.
  2578 | D:3      | Reached XP level 5. HP: 31/31 MP: 0/10
  2693 | D:3      | Noticed an ogre
  2701 | D:3      | Noticed Terence
  2703 | D:3      | Killed an ogre
  2717 | D:3      | Killed Terence
  2718 | D:3      | Reached skill level 4 in Stealth
  2794 | D:3      | Found a shadowy altar of Dithmenos.
  2907 | D:3      | Found a runed translucent gate.
  2907 | D:3      | Found a runed translucent gate.
  2907 | D:3      | Noticed Alvadar's ghost (weakling DECj)
  2908 | D:3      | Found a runed translucent gate.
  3037 | D:3      | Reached XP level 6. HP: 36/36 MP: 8/11
  3155 | D:3      | Noticed Robin
  3160 | D:3      | Killed Robin
  3926 | D:3      | Killed Alvadar's ghost
  4051 | D:4      | Reached XP level 7. HP: 28/41 MP: 1/13
  4204 | D:4      | Reached skill level 5 in Stealth
  4294 | D:4      | Found a hazy altar of Hepliaklqana.
  4294 | D:4      | Found a shimmering blue altar of Sif Muna.
  4512 | D:4      | Found a sacrificial altar of Ru.
  4743 | D:4      | Found a staircase to the Ecumenical Temple.
  4752 | Temple   | Entered the Ecumenical Temple
  4789 | Temple   | Became a worshipper of Gozag Ym Sagoz the Greedy
  4989 | D:5      | Entered Level 5 of the Dungeon
  5609 | D:5      | Reached skill level 6 in Stealth
  5714 | D:5      | Reached XP level 8. HP: 46/46 MP: 5/14
  5793 | D:5      | Reached skill level 5 in Air Magic
  6242 | D:5      | Noticed Eustachio
  6255 | D:5      | Killed Eustachio
  6256 | D:5      | Reached skill level 7 in Stealth
  6256 | D:5      | Reached skill level 5 in Spellcasting
  6274 | D:5      | Found a hide-covered altar of Uskayaw.
  6284 | D:5      | Noticed Ijyb
  6293 | D:5      | Killed Ijyb
  6647 | D:6      | HP: 2/46 [ice beast (12)]
  7047 | D:6      | Slain by an ice beast

Illustrated notes

Levels and vault maps discovered:
D:1:      dpeg_arrival_water_temple_mockup, layout_loops_ring
D:2:      layout_rooms, minitemple, amcnicky_mini_rare_corridor_liquid,
          uniq_jessica
D:3:      layout_basic, kiku_gazebo_garden_becter, gammafunk_ghost_split,
          kennysheep_minor_cross, serial_park_tiny_2,
          chequers_serial_rivers_small_b, grunt_dithmenos_smoke, uniq_robin,
          uniq_terence
D:4:      layout_rooms, gammafunk_temple_overflow_statue,
          minmay_temple_entry_antechambers, hangedman_ru_absence
D:5:      layout_basic, nicolae_overflow_hidden_temple,
          kennysheep_generic_room_13, uniq_eustachio, uniq_ijyb
D:6:      layout_loops_ring, fedhas_ov_isle_minmay
Temple:   hc_temple_tempest_star

Skill      XL: |  1  2  3  4  5  6  7  8 |
---------------+-------------------------+-----
Stealth        | 3 4 6 7 |  7.8
Conjurations   | 2 3 4 |  4.0
Summonings     | 2 |  2.0
Air Magic      | 1 2 3 4 5 |  5.0
Spellcasting   | 4 5 |  5.6
Dodging        | |  2.0
Translocations | |  1.0

Action                   |  1- 3 |  4- 6 |  7- 9 || total
-------------------------+-------+-------+-------++-------
Melee: Dagger            |    34 |    73 |   106 ||   213
       Constrict         |     8 |    17 |    20 ||    45
       Tentacles         |     7 |    10 |    28 ||    45
       Short sword       |       |       |    19 ||    19
 Cast: Magic Dart        |    67 |   106 |    70 ||   243
       Call Imp          |       |    13 |    23 ||    36
       Mephitic Cloud    |       |     1 |     3 ||     4
  Use: Potion            |     1 |     1 |     4 ||     6
       Scroll            |     1 |     4 |     8 ||    13
 Stab: Sleeping          |     1 |     1 |     8 ||    10
       Confused          |       |     1 |       ||     1
       Distracted        |       |     1 |       ||     1
Armor: Skin              |     5 |     1 |    10 ||    16
Dodge: Dodged            |    20 |    64 |    86 ||   170
